 Dungeon Crawl Stone Soup version 0.30-a0-618-gd6c86c23d0 (webtiles) character file.

Game seed: 12807971218447036760

719 tsouns the Shooter (level 7, -1/36 HPs)
             Began as a Spriggan Hunter on Jan 9, 2023.
             Was an Initiate of Gozag.
             Slain by a bullfrog zombie (6 damage)
             ... in an ossuary.
             The game lasted 00:07:41 (3316 turns).

tsouns the Shooter (Spriggan Hunter)                Turns: 3316, Time: 00:07:42

Health: -1/36      AC:  7    Str:  7    XL:     7   Next: 42%
Magic:  8/8        EV: 17    Int: 18    God:    Gozag
Gold:   353        SH:  0    Dex: 19    Spells: 5/6 levels left

rFire   . . .      SeeInvis +    a - +0 shortbow (flame)
rCold   . . .      Faith    .    (shield currently unavailable)
rNeg    . . .      Spirit   .    c - +1 robe
rPois   .          Reflect  .    (helmet restricted)
rElec   .          Harm     .    (no cloak)
rCorr   .          Rampage  .    (gloves unavailable)
Will    +....                    (boots unavailable)
Stlth   ++++                     (no amulet)
HPRegen 0.26/turn                d - +6 ring of intelligence
MPRegen 0.11/turn                l - +4 ring of protection

@: gold aura, very quick
A: very small, no large weapons, unfitting armour, see invisible, speed 3
a: Renounce Religion, Potion Petition, Call Merchant, Bribe Branch


You were in an ossuary.
You worshipped Gozag.
Gozag was aware of your devotion.
You visited 1 branch of the dungeon, and saw 4 of its levels.
You also visited: Ossuary.

You collected 401 gold pieces.
You paid 48 gold pieces to Gozag.

Inventory:

Hand Weapons
 a - a +0 shortbow of flaming (weapon)
Armour
 c - a +1 robe (worn)
Jewellery
 d - a +6 ring of intelligence (left hand)
 l - a +4 ring of protection (right hand)
Scrolls
 b - 2 scrolls of immolation
Potions
 k - a potion of resistance
 m - a potion of mutation


   Skills:
 + Level 3.6 Fighting
 * Level 7.1 Ranged Weapons
 - Level 2.6 Dodging
 + Level 6.5 Stealth


You had 5 spell levels left.
You knew the following spells:

 Your Spells              Type           Power      Damage    Failure   Level
a - Summon Small Mammal   Summ           0%         N/A       22%         1

Your spell library contained the following spells:

 Spells                   Type           Power      Damage    Failure   Level
 Apportation              Tloc           0%         N/A       22%         1
 Necrotise                Necr           0%         1d4       22%         1
 Dazzling Flash           Conj/Hex       0%         N/A       54%         3
 Hailstorm                Conj/Ice       0%         3d3       54%         3
 Vampiric Draining        Necr           0%         2d6       54%         3
 Ice Form                 Ice/Tmut       0%         N/A       91%         4
 Iskenderun's Mystic Bla  Conj/Tloc      0%         2d3       91%         4
 Agony                    Necr           0%         N/A       99%         5
 Starburst                Conj/Fire      0%         6d3       100%        6
 Simulacrum               Ice/Necr       Unusable   N/A       N/A         6

Dungeon Overview and Level Annotations

Branches:
Dungeon (4/15)            Ossuary (1/1)
 Temple: D:4-7

Altars:
Gozag
Qazlal
Vehumet

Shops:
D:1 [

Annotations:
D:3 Ijyb


Innate Abilities, Weirdness & Mutations

You are very small and have problems with some larger weapons.
You are too small for most types of armour.
You have supernaturally acute eyesight. (SInv)
You cover ground extremely quickly. (Speed+++)


Message History

You shoot an arrow.
The arrow barely misses the bullfrog zombie.
The bullfrog zombie closely misses you.
Unknown command.
Okay, then.
Fire: a) +0 shortbow (flame)
Press: ? - help, Q - select action, (/) - cycle Shift-Dir - straight line, f/p - bullfrog zombie
Aim: a bullfrog zombie (75% to hit)
You shoot an arrow. The arrow hits the bullfrog zombie!
The arrow burns the bullfrog zombie.
The bullfrog zombie is moderately damaged.
The bullfrog zombie hits you but does no damage.
The bullfrog zombie misses you.
Unknown command.
Fire: a) +0 shortbow (flame)
Press: ? - help, Q - select action, (/) - cycle Shift-Dir - straight line, f/p - bullfrog zombie
Aim: a bullfrog zombie (moderately damaged, 75% to hit)
You shoot an arrow. The arrow hits the bullfrog zombie.
The arrow burns the bullfrog zombie.
The bullfrog zombie is heavily damaged.
The bullfrog zombie misses you.
Unknown command.
Fire: a) +0 shortbow (flame)
Press: ? - help, Q - select action, (/) - cycle Shift-Dir - straight line, f/p - bullfrog zombie
Aim: a bullfrog zombie (heavily damaged, 75% to hit)
You shoot an arrow. The arrow hits the bullfrog zombie.
The arrow burns the bullfrog zombie.
The bullfrog zombie is severely damaged.
The bullfrog zombie hits you but does no damage.
A centaur zombie comes into view.
The bullfrog zombie completely misses you.
Unknown command.
Fire: a) +0 shortbow (flame)
Press: ? - help, Q - select action, (/) - cycle Shift-Dir - straight line, f/p - bullfrog zombie
Aim: a bullfrog zombie (severely damaged, 75% to hit)
You shoot an arrow.
The arrow barely misses the bullfrog zombie.
The bullfrog zombie hits you.
You die...
Your body crumbles into a pile of gold.

##### #@#.#
+#'#+#+#Z#'#
.........$.+
'##+##'##Z#
#.$.#.+
#.∩.#.#
#∩..#~'
#####~# ~M~


You could see a bullfrog zombie and a centaur zombie.

Vanquished Creatures
  2 wyvern zombies (Ossuary)
  2 bullfrog zombies (Ossuary)
  4 centaur zombies (Ossuary)
  A hound (D:4)
  Natasha (thrice) (D:3)
  2 orc wizards
  A killer bee zombie (Ossuary)
  4 mummies (Ossuary)
  3 gnolls (D:4)
  7 adders
  4 worms
  2 dart slugs
  8 orcs
  5 endoplasms
  A giant cockroach (D:1)
  7 goblins
  4 hobgoblins
  3 jackals (D:2)
  4 quokkas
  4 ball pythons
  5 bats
  2 frilled lizards
  4 kobolds
  5 rats
87 creatures vanquished.

Vanquished Creatures (others)
  A withered plant (Ossuary)
1 creature vanquished.

Grand Total: 88 creatures vanquished

Notes
Turn   | Place    | Note
-------+----------+-------------------------------------------
     0 | D:1      | tsouns the Spriggan Hunter began the quest for the Orb.
     0 | D:1      | Reached XP level 1. HP: 10/10 MP: 2/2
    89 | D:1      | Reached XP level 2. HP: 15/15 MP: 3/3
   555 | D:1      | Found Osaoth's Antique Armour Emporium.
   741 | D:2      | Reached XP level 3. HP: 18/18 MP: 4/4
  1149 | D:2      | Found a faded altar of an unknown god.
  1362 | D:2      | Reached XP level 4. HP: 18/23 MP: 5/5
  1667 | D:3      | Found a radiant altar of Vehumet.
  1667 | D:3      | Found an opulent altar of Gozag.
  1672 | D:3      | Found a stormy altar of Qazlal.
  1682 | D:3      | Became a worshipper of Gozag Ym Sagoz the Greedy
  1731 | D:3      | Noticed Natasha
  1738 | D:3      | Killed Natasha
  1739 | D:3      | Reached skill level 5 in Ranged Weapons
  1882 | D:3      | Noticed Natasha
  1899 | D:3      | Killed Natasha
  1900 | D:3      | Reached XP level 5. HP: 16/27 MP: 6/6
  1947 | D:3      | Noticed Natasha
  1955 | D:3      | Killed Natasha
  1975 | D:3      | Noticed Ijyb
  2077 | D:3      | Learned a level 1 spell: Summon Small Mammal
  2929 | D:4      | Reached skill level 6 in Ranged Weapons
  2929 | D:4      | Reached skill level 5 in Stealth
  2929 | D:4      | Reached XP level 6. HP: 16/32 MP: 7/7
  3142 | D:4      | Found a sand-covered staircase.
  3183 | Ossuary  | Entered an ossuary
  3233 | Ossuary  | Reached XP level 7. HP: 23/36 MP: 8/8
  3308 | Ossuary  | Reached skill level 7 in Ranged Weapons
  3316 | Ossuary  | Slain by a bullfrog zombie

Illustrated notes

Levels and vault maps discovered:
D:1:      wander_arrival_peaceful_grave, layout_basic, serial_shops, shop,
          minmay_statues_item
D:2:      minmay_alternating_diamond, layout_loops_corners,
          basic_ecumenical_altar
D:3:      layout_loops_ring, minitemple, grunt_ministairs_6, uniq_natasha,
          uniq_ijyb
D:4:      layout_loops_cross, minmay_temple_entry_arrows,
          nicolae_ossuary_entry_false_entrances, minmay_puff
Ossuary:  ossuary_zaba_flooded

Skill      XL: |  1  2  3  4  5  6  7 |
---------------+----------------------+-----
Stealth        | 2 3 4 5 6 |  6.5
Fighting       | 2 3 |  3.6
Ranged Weapons | 5 6 7 |  7.1
Dodging        | |  2.6

Action                   |  1- 3 |  4- 6 |  7- 9 || total
-------------------------+-------+-------+-------++-------
Melee: Shortbow          |       |     1 |       ||     1
 Fire: Shortbow          |   108 |   191 |    34 ||   333
  Use: Potion            |     1 |       |     1 ||     2
       Scroll            |       |     8 |       ||     8
Armor: Robe              |     6 |    21 |    15 ||    42
Dodge: Dodged            |    39 |   111 |    34 ||   184

Table legend: (Time is in decaauts)
 A = Elapsed time spent in this place.
 B = Non-inter-level travel time spent in this place.
 C = Inter-level travel time spent in this place.
 D = Time resting spent in this place.
 E = Time spent auto-exploring this place.
 F = Levels seen in this place.
 G = Mean time per level.
                   A        B        C        D        E       F      G
               +--------+--------+--------+--------+--------+-----+--------+
         Total |   2374 |   2279 |     95 |      0 |   1599 |   5 |  474.8 |
       Dungeon |   2232 |   2137 |     95 |      0 |   1549 |   4 |  558.0 |
       Ossuary |    141 |    141 |      0 |      0 |     50 |   1 |  141.0 |
               +--------+--------+--------+--------+--------+-----+--------+

Top non-repeatable levels by time:
     D:3: 839 daAuts
     D:2: 707 daAuts
     D:1: 392 daAuts
     D:4: 293 daAuts
 Ossuary: 141 daAuts
